| TOP OF THE 1ST |
|
Grand Junction Rockies batting - Pitching for Philadelphia (APP) Phillies : RHP Tony Machado
|
|
Pitching: RHP Tony Machado
|
|
|
Batting: RHB Josh Lofgreen
|
0-0: Called Strike 0-1: Ground out 5-3 (Groundball, 56, EV 85.6 MPH)
|
|
Batting: RHB Edwin Bejarano
|
0-0: Ball 1-0: Ball 2-0: Called Strike 2-1: Ground out 6-3 (Groundball, 6MS, EV 83.1 MPH)
|
|
Batting: RHB Wali Mulogo
|
0-0: Ball 1-0: SOLO HOME RUN (Flyball, 78XD, EV 98.1 MPH), Distance : 390 ft
|
|
Batting: RHB Ryan Ward
|
0-0: Ball 1-0: Ball 2-0: Ground out 6-3 (Groundball, 6, EV 97.5 MPH)
|
| Top of the 1st over - 1 run, 1 hit, 0 errors, 0 left on base; Grand Junction 1 - Philadelphia (APP) 0 |
| BOTTOM OF THE 1ST |
|
Philadelphia (APP) Phillies batting - Pitching for Grand Junction Rockies : LHP Ernesto Galindo
|
|
Pitching: LHP Ernesto Galindo
|
|
|
Batting: LHB Jonathan Roman
|
0-0: Ball 1-0: Called Strike 1-1: Ball 2-1: Foul Ball, location: 2F 2-2: Ball 3-2: Foul Ball, location: 2F 3-2: SOLO HOME RUN (Line Drive, 7D, EV 97.5 MPH), Distance : 372 ft
|
|
Batting: RHB Dave Gallegos
|
0-0: Fly out, F8 (Flyball, 8RD, EV 95.0 MPH)
|
|
Batting: LHB Rich Kuehne
|
0-0: Called Strike 0-1: Ball 1-1: Foul Ball, location: 2F 1-2: Ball 2-2: Foul Ball, location: 2F 2-2: SINGLE (Flyball, 7S, EV 91.9 MPH)
|
|
Batting: SHB Brett St. Clair
|
0-0: Foul Ball, location: 2F 0-1: Ball 1-1: Called Strike 1-2: Fly out, F8 (Flyball, 8RD, EV 101.9 MPH)
|
|
Batting: RHB Joel Gomez
|
0-0: Foul Ball, location: 2F 0-1: Ball 1-1: Ball Rich Kuehne steals 2nd base 2-1: Foul Ball, location: 2F 2-2: Foul Ball, location: 2F 2-2: Ground out 5-3 (Groundball, 56, EV 96.2 MPH)
|
| Bottom of the 1st over - 1 run, 2 hits, 0 errors, 1 left on base; Grand Junction 1 - Philadelphia (APP) 1 |
| TOP OF THE 2ND |
|
Grand Junction Rockies batting - Pitching for Philadelphia (APP) Phillies : RHP Tony Machado
|
|
Batting: RHB Ivan Castaneda
|
0-0: Called Strike 0-1: Ball 1-1: Swinging Strike 1-2: Strikes out looking
|
|
Batting: SHB Oscar Barahona
|
0-0: Called Strike 0-1: Foul Ball, location: 2F 0-2: Ball 1-2: Ball 2-2: Ball 3-2: Foul Ball, location: 2F 3-2: Foul Ball, location: 2F 3-2: DOUBLE (Line Drive, 89D, EV 110.6 MPH)
|
|
Batting: SHB Rich McDonald
|
0-0: Ball 1-0: Foul Ball, location: 2F 1-1: Ball Wild Pitch! Oscar Barahona to third 2-1: Called Strike 2-2: Strikes out looking
|
|
Batting: SHB J.D. Newman
|
0-0: Ball 1-0: Called Strike 1-1: Swinging Strike 1-2: Ball 2-2: Strikes out looking
|
| Top of the 2nd over - 0 runs, 1 hit, 0 errors, 1 left on base; Grand Junction 1 - Philadelphia (APP) 1 |
| BOTTOM OF THE 2ND |
|
Philadelphia (APP) Phillies batting - Pitching for Grand Junction Rockies : LHP Ernesto Galindo
|
|
Batting: RHB Juan Valadez
|
0-0: Fly out, F7 (Flyball, 78S, EV 88.1 MPH)
|
|
Batting: RHB Simon Mergeni
|
0-0: Ball 1-0: Ball 2-0: Ball 3-0: Called Strike 3-1: Foul Ball, location: 2F 3-2: Base on Balls
|
|
Batting: LHB Travis Hahn
|
0-0: Called Strike 0-1: Ball 1-1: Foul Ball, location: 2F 1-2: Ball Passed Ball! Simon Mergeni to second 2-2: Fly out, F8 (Flyball, 8RD, EV 104.4 MPH)
|
|
Batting: RHB Rafael Soto
|
0-0: Ground out 5-3 (Groundball, 5L, EV 81.2 MPH)
|
| Bottom of the 2nd over - 0 runs, 0 hits, 0 errors, 1 left on base; Grand Junction 1 - Philadelphia (APP) 1 |
| TOP OF THE 3RD |
|
Grand Junction Rockies batting - Pitching for Philadelphia (APP) Phillies : RHP Tony Machado
|
|
Batting: LHB Rich Rauda
|
0-0: Called Strike 0-1: Ball 1-1: Foul Ball, location: 2F 1-2: Foul Ball, location: 2F 1-2: Strikes out looking
|
|
Batting: RHB Josh Lofgreen
|
0-0: SINGLE (Groundball, 25, EV 70.6 MPH) (infield hit)
|
|
Batting: RHB Edwin Bejarano
|
0-0: Ball Wild Pitch! Josh Lofgreen to second 1-0: Foul Ball, location: 2F 1-1: Foul Ball, location: 2F 1-2: Ball 2-2: Fly out, F9 (Flyball, 89S, EV 81.9 MPH)
|
|
Batting: RHB Wali Mulogo
|
0-0: Called Strike 0-1: Foul Ball, location: 2F 0-2: Ball 1-2: Foul Ball, location: 2F 1-2: Strikes out swinging
|
| Top of the 3rd over - 0 runs, 1 hit, 0 errors, 1 left on base; Grand Junction 1 - Philadelphia (APP) 1 |
| BOTTOM OF THE 3RD |
|
Philadelphia (APP) Phillies batting - Pitching for Grand Junction Rockies : LHP Ernesto Galindo
|
|
Batting: LHB Jonathan Roman
|
0-0: Foul Ball, location: 2F 0-1: Ball 1-1: SINGLE (Groundball, 34S, EV 81.2 MPH) (infield hit)
|
|
Batting: RHB Dave Gallegos
|
0-0: Called Strike 0-1: Ball 1-1: Foul Ball, location: 2F 1-2: Ball Wild Pitch! Jonathan Roman to second 2-2: Strikes out swinging
|
|
Batting: LHB Rich Kuehne
|
0-0: Called Strike 0-1: Ball Passed Ball! Jonathan Roman to third 1-1: Foul Ball, location: 2F 1-2: Ball 2-2: Foul Ball, location: 2F 2-2: Ball 3-2: Ground out 6-3 (Groundball, 6S, EV 60.6 MPH) Jonathan Roman scores
|
|
Batting: SHB Brett St. Clair
|
0-0: Called Strike 0-1: Called Strike 0-2: Ball 1-2: Ball 2-2: Foul Ball, location: 2F 2-2: Ball 3-2: Ground out 5-3 (Groundball, 56S, EV 81.2 MPH)
|
| Bottom of the 3rd over - 1 run, 1 hit, 0 errors, 0 left on base; Grand Junction 1 - Philadelphia (APP) 2 |
| TOP OF THE 4TH |
|
Grand Junction Rockies batting - Pitching for Philadelphia (APP) Phillies : RHP Tony Machado
|
|
Batting: RHB Ryan Ward
|
0-0: Ball 1-0: Ball 2-0: Swinging Strike 2-1: SINGLE (Line Drive, 89S, EV 106.2 MPH)
|
|
Batting: RHB Ivan Castaneda
|
0-0: Called Strike 0-1: Called Strike 0-2: Fielders Choice at 2nd, 5-4 (Groundball, 56, EV 93.1 MPH)
|
|
Batting: SHB Oscar Barahona
|
0-0: Ball 1-0: DOUBLE (Flyball, 78D, EV 98.8 MPH) Ivan Castaneda to third Runner from 3rd tries for Home, throw by CF and OUT! 8-6-2 Oscar Barahona to third
|
|
Batting: SHB Rich McDonald
|
0-0: Called Strike 0-1: Ground out 6-3 (Groundball, 6, EV 82.5 MPH)
|
| Top of the 4th over - 0 runs, 2 hits, 0 errors, 1 left on base; Grand Junction 1 - Philadelphia (APP) 2 |
| BOTTOM OF THE 4TH |
|
Philadelphia (APP) Phillies batting - Pitching for Grand Junction Rockies : LHP Ernesto Galindo
|
|
Batting: RHB Joel Gomez
|
0-0: Ball 1-0: Foul Ball, location: 2F 1-1: Foul Ball, location: 2F 1-2: Ball 2-2: SOLO HOME RUN (Flyball, 7D, EV 92.5 MPH), Distance : 363 ft
|
|
Batting: RHB Juan Valadez
|
0-0: Called Strike 0-1: Ground out 6-3 (Groundball, 6, EV 100.0 MPH)
|
|
Batting: RHB Simon Mergeni
|
0-0: Ball 1-0: Called Strike 1-1: Foul Ball, location: 2F 1-2: Ball 2-2: Ball 3-2: Base on Balls
|
|
Batting: LHB Travis Hahn
|
0-0: Ball 1-0: Swinging Strike 1-1: Ball 2-1: Fielders Choice at 2nd, 5-4 (Groundball, 56, EV 106.2 MPH)
|
|
Batting: RHB Rafael Soto
|
0-0: Called Strike 0-1: Foul Ball, location: 2F 0-2: Strikes out swinging
|
| Bottom of the 4th over - 1 run, 1 hit, 0 errors, 1 left on base; Grand Junction 1 - Philadelphia (APP) 3 |
| TOP OF THE 5TH |
|
Grand Junction Rockies batting - Pitching for Philadelphia (APP) Phillies : RHP Tony Machado
|
|
Pitching: RHP Tim Starks
|
|
|
Batting: SHB J.D. Newman
|
0-0: Called Strike 0-1: Hit by Pitch
|
|
Batting: LHB Rich Rauda
|
0-0: Swinging Strike 0-1: Swinging Strike 0-2: Foul Ball, location: 2F 0-2: Strikes out swinging
|
|
Batting: RHB Josh Lofgreen
|
0-0: Called Strike 0-1: Hit by Pitch J.D. Newman to second
|
|
Batting: RHB Edwin Bejarano
|
0-0: TRIPLE (Line Drive, 89XD, EV 106.9 MPH) J.D. Newman scores Josh Lofgreen scores
|
|
Batting: RHB Wali Mulogo
|
0-0: Foul Ball, location: 2F 0-1: Ball 1-1: Ball 2-1: Called Strike 2-2: Foul Ball, location: 2F 2-2: Ball 3-2: Base on Balls
|
|
Batting: RHB Ryan Ward
|
0-0: Called Strike 0-1: Swinging Strike 0-2: Ground out 5-3 (Groundball, 56S, EV 70.0 MPH) Edwin Bejarano scores Wali Mulogo to second
|
|
Batting: RHB Ivan Castaneda
|
0-0: Foul Ball, location: 2F 0-1: Foul Ball, location: 2F 0-2: Ball 1-2: Foul Ball, location: 2F 1-2: Ball 2-2: Ball 3-2: Fly out, F6 (Line Drive, 6, EV 70.0 MPH)
|
| Top of the 5th over - 3 runs, 1 hit, 0 errors, 1 left on base; Grand Junction 4 - Philadelphia (APP) 3 |
| BOTTOM OF THE 5TH |
|
Philadelphia (APP) Phillies batting - Pitching for Grand Junction Rockies : LHP Ernesto Galindo
|
|
Batting: LHB Jonathan Roman
|
0-0: Ball 1-0: Swinging Strike 1-1: Foul Ball, location: 2F 1-2: Strikes out swinging
|
|
Batting: RHB Dave Gallegos
|
0-0: Ball 1-0: Ball 2-0: Foul Ball, location: 2F 2-1: Ball 3-1: Base on Balls
|
|
Pitching: LHP Juan Rivera
|
|
|
Batting: LHB Rich Kuehne
|
0-0: Ball 1-0: Ball 2-0: Ball Passed Ball! Dave Gallegos to second 3-0: Base on Balls
|
|
Batting: SHB Brett St. Clair
|
0-0: Called Strike 0-1: Ball 1-1: Foul Ball, location: 2F 1-2: Ball 2-2: Ball Passed Ball! Dave Gallegos to third Rich Kuehne to second 3-2: SINGLE (Line Drive, 89S, EV 93.8 MPH) Dave Gallegos scores Rich Kuehne to third
|
|
Batting: RHB Joel Gomez
|
0-0: Called Strike 0-1: Ball 1-1: Swinging Strike 1-2: Ball 2-2: Strikes out swinging
|
|
Batting: RHB Juan Valadez
|
0-0: Ball 1-0: Ball 2-0: Called Strike 2-1: Ball 3-1: Foul Ball, location: 2F 3-2: Base on Balls Brett St. Clair to second
|
|
Batting: RHB Simon Mergeni
|
0-0: Called Strike 0-1: Fielders Choice at 2nd, 6-4 (Groundball, 6, EV 105.0 MPH)
|
| Bottom of the 5th over - 1 run, 1 hit, 0 errors, 3 left on base; Grand Junction 4 - Philadelphia (APP) 4 |
| TOP OF THE 6TH |
|
Grand Junction Rockies batting - Pitching for Philadelphia (APP) Phillies : RHP Tim Starks
|
|
Pitching: RHP Bobby Acevedo
|
|
|
Pinch Hitting: RHB Justin Garrett
|
0-0: Ball 1-0: Ball 2-0: Fly out, F8 (Line Drive, 89M, EV 87.5 MPH)
|
|
Batting: SHB Rich McDonald
|
0-0: Ball 1-0: Fly out, F9 (Flyball, 9LSF, EV 88.1 MPH)
|
|
Batting: SHB J.D. Newman
|
0-0: Called Strike 0-1: Foul Ball, location: 2F 0-2: Foul Ball, location: 2F 0-2: Ball 1-2: Fly out, F8 (Flyball, 8LD, EV 86.2 MPH)
|
| Top of the 6th over - 0 runs, 0 hits, 0 errors, 0 left on base; Grand Junction 4 - Philadelphia (APP) 4 |
| BOTTOM OF THE 6TH |
|
Philadelphia (APP) Phillies batting - Pitching for Grand Junction Rockies : LHP Juan Rivera
|
|
Now in LF: Tom Gentry
|
|
|
Batting: LHB Travis Hahn
|
0-0: Called Strike 0-1: Foul Ball, location: 2F 0-2: Ball 1-2: Foul Ball, location: 2F 1-2: Strikes out swinging
|
|
Batting: RHB Rafael Soto
|
0-0: Ball 1-0: Ball 2-0: Foul Ball, location: 2F 2-1: Ball 3-1: Foul Ball, location: 2F 3-2: Foul Ball, location: 2F 3-2: Strikes out swinging
|
|
Batting: LHB Jonathan Roman
|
0-0: Ball 1-0: Foul Ball, location: 2F 1-1: Ball 2-1: Foul Ball, location: 2F 2-2: Ball 3-2: Fly out, F4 (Popup, 4, EV 73.1 MPH)
|
| Bottom of the 6th over - 0 runs, 0 hits, 0 errors, 0 left on base; Grand Junction 4 - Philadelphia (APP) 4 |
| TOP OF THE 7TH |
|
Grand Junction Rockies batting - Pitching for Philadelphia (APP) Phillies : RHP Bobby Acevedo
|
|
Batting: LHB Rich Rauda
|
0-0: Called Strike 0-1: Foul Ball, location: 2F 0-2: Strikes out looking
|
|
Batting: RHB Josh Lofgreen
|
0-0: Reached on error, E1 (Groundball, 15S, EV 60.6 MPH)
|
|
Batting: RHB Edwin Bejarano
|
0-0: Fielders Choice at 2nd, 6-4 (Groundball, 6, EV 107.5 MPH)
|
|
Batting: RHB Wali Mulogo
|
0-0: Fly out, F6 (Flyball, 6MD, EV 91.9 MPH)
|
| Top of the 7th over - 0 runs, 0 hits, 1 error, 1 left on base; Grand Junction 4 - Philadelphia (APP) 4 |
| BOTTOM OF THE 7TH |
|
Philadelphia (APP) Phillies batting - Pitching for Grand Junction Rockies : LHP Juan Rivera
|
|
Batting: RHB Dave Gallegos
|
0-0: Ball 1-0: Ball 2-0: Ball 3-0: Called Strike 3-1: Base on Balls
|
|
Batting: LHB Rich Kuehne
|
0-0: Ball Wild Pitch! Dave Gallegos to second 1-0: Ball 2-0: Ball 3-0: Called Strike 3-1: Base on Balls
|
|
Batting: SHB Brett St. Clair
|
0-0: Called Strike 0-1: Ball 1-1: Ball 2-1: Ball 3-1: Base on Balls Dave Gallegos to third Rich Kuehne to second
|
|
Batting: RHB Joel Gomez
|
0-0: Ball Wild Pitch! Dave Gallegos scores Rich Kuehne to third Brett St. Clair to second 1-0: Ball 2-0: Called Strike 2-1: Foul Ball, location: 2F 2-2: Ball Passed Ball! Rich Kuehne scores Brett St. Clair to third 3-2: Base on Balls
|
|
Pitching: LHP Mike Pierce
|
|
|
Batting: RHB Juan Valadez
|
0-0: Foul Ball, location: 2F 0-1: Swinging Strike Passed Ball! Brett St. Clair scores Joel Gomez to second 0-2: Ball 1-2: Foul Ball, location: 2F 1-2: Strikes out looking
|
|
Batting: RHB Simon Mergeni
|
0-0: Ball Passed Ball! Joel Gomez to third 1-0: Called Strike 1-1: Ball Wild Pitch! Joel Gomez scores 2-1: Ground out 6-3 (Groundball, 6M, EV 91.2 MPH)
|
|
Batting: LHB Travis Hahn
|
0-0: Ball 1-0: Called Strike 1-1: Ball 2-1: Swinging Strike 2-2: Ball 3-2: Base on Balls
|
|
Batting: RHB Rafael Soto
|
0-0: SINGLE (Line Drive, 78M, EV 110.0 MPH) Travis Hahn to second
|
|
Batting: LHB Jonathan Roman
|
0-0: Ball 1-0: Ball Wild Pitch! Travis Hahn to third Rafael Soto to second 2-0: Called Strike 2-1: SINGLE (Line Drive, 7S, EV 104.4 MPH) Travis Hahn scores Rafael Soto to third Runner from 3rd tries for Home, SAFE, throw by LF to home
|
|
Batting: RHB Dave Gallegos
|
0-0: Swinging Strike 0-1: Foul Ball, location: 2F 0-2: DOUBLE (Line Drive, 7LS, EV 95.6 MPH) Jonathan Roman to third Runner from 3rd tries for Home, SAFE, no throw by LF
|
|
Batting: LHB Rich Kuehne
|
0-0: Foul Ball, location: 2F 0-1: Foul Ball, location: 2F 0-2: Foul Ball, location: 2F 0-2: Ball 1-2: Ball 2-2: Foul Ball, location: 2F 2-2: Ball 3-2: Base on Balls
|
|
Batting: SHB Brett St. Clair
|
0-0: Ball 1-0: Swinging Strike Passed Ball! Dave Gallegos to third Rich Kuehne to second 1-1: Ball 2-1: 3-RUN HOME RUN (Flyball, 78XD, EV 100.0 MPH), Distance : 398 ft
|
|
Pitching: RHP Xavier Williams
|
|
|
Batting: RHB Joel Gomez
|
0-0: Called Strike 0-1: Swinging Strike 0-2: Ball 1-2: SINGLE (Flyball, 34D, EV 82.5 MPH)
|
|
Batting: RHB Juan Valadez
|
0-0: Ball Wild Pitch! Joel Gomez to second 1-0: Ball Passed Ball! Joel Gomez to third 2-0: Ball Wild Pitch! Joel Gomez scores 3-0: Called Strike 3-1: Base on Balls
|
|
Batting: RHB Simon Mergeni
|
0-0: Ball Passed Ball! Juan Valadez to second 1-0: Ball 2-0: Ball 3-0: Base on Balls
|
|
Batting: LHB Travis Hahn
|
0-0: Swinging Strike Passed Ball! Juan Valadez to third Simon Mergeni to second 0-1: Ground out 5-3 (Groundball, 5, EV 88.1 MPH)
|
| Bottom of the 7th over - 11 runs, 5 hits, 0 errors, 2 left on base; Grand Junction 4 - Philadelphia (APP) 15 |
| TOP OF THE 8TH |
|
Grand Junction Rockies batting - Pitching for Philadelphia (APP) Phillies : RHP Bobby Acevedo
|
|
Batting: RHB Ryan Ward
|
0-0: Ball 1-0: Ball 2-0: Fly out, F8 (Flyball, 8LD, EV 98.1 MPH)
|
|
Batting: RHB Ivan Castaneda
|
0-0: Ball 1-0: Swinging Strike 1-1: Swinging Strike 1-2: Ground out U3 (Groundball, 34, EV 86.2 MPH)
|
|
Pinch Hitting: RHB Carlos Manriquez
|
0-0: Ball 1-0: Ball 2-0: Ball 3-0: Called Strike 3-1: Ground out 6-3 (Groundball, 6, EV 105.6 MPH)
|
| Top of the 8th over - 0 runs, 0 hits, 0 errors, 0 left on base; Grand Junction 4 - Philadelphia (APP) 15 |
| BOTTOM OF THE 8TH |
|
Philadelphia (APP) Phillies batting - Pitching for Grand Junction Rockies : RHP Xavier Williams
|
|
Now in LF: Carlos Manriquez
|
|
|
Batting: RHB Rafael Soto
|
0-0: SINGLE (Flyball, 34D, EV 91.2 MPH)
|
|
Batting: LHB Jonathan Roman
|
0-0: Called Strike 0-1: Swinging Strike Passed Ball! Rafael Soto to second 0-2: Ball 1-2: Ball Wild Pitch! Rafael Soto to third 2-2: Foul Ball, location: 2F 2-2: Fly out, F9 (Flyball, 9D, EV 95.6 MPH) Runner from 3rd tags up, OUT at HOME! 9-2
|
|
Batting: RHB Dave Gallegos
|
0-0: Ground out 5-3 (Groundball, 56S, EV 67.5 MPH)
|
| Bottom of the 8th over - 0 runs, 1 hit, 0 errors, 0 left on base; Grand Junction 4 - Philadelphia (APP) 15 |
| TOP OF THE 9TH |
|
Grand Junction Rockies batting - Pitching for Philadelphia (APP) Phillies : RHP Bobby Acevedo
|
|
Batting: SHB Rich McDonald
|
0-0: Called Strike 0-1: Ball 1-1: Called Strike 1-2: Foul Ball, location: 2F 1-2: Foul Ball, location: 2F 1-2: Foul Ball, location: 2F 1-2: Ball 2-2: SINGLE (Line Drive, 9S, EV 86.2 MPH)
|
|
Pitching: LHP Ray Paul
|
|
|
Batting: SHB J.D. Newman
|
0-0: Called Strike 0-1: Ball 1-1: SINGLE (Groundball, 34D, EV 101.2 MPH) Rich McDonald to second
|
|
Batting: LHB Rich Rauda
|
0-0: Ball 1-0: Swinging Strike 1-1: Foul Ball, location: 2F 1-2: Strikes out swinging
|
|
Batting: RHB Josh Lofgreen
|
0-0: Called Strike 0-1: Ball 1-1: Swinging Strike 1-2: Foul Ball, location: 2F 1-2: Strikes out looking
|
|
Batting: RHB Edwin Bejarano
|
0-0: Called Strike 0-1: Ball 1-1: Ball 2-1: SINGLE (Groundball, 5S, EV 66.2 MPH) (infield hit) Rich McDonald to third J.D. Newman to second
|
|
Batting: RHB Wali Mulogo
|
0-0: Ball 1-0: Called Strike 1-1: Called Strike 1-2: Foul Ball, location: 2F 1-2: Foul Ball, location: 2F 1-2: GRAND SLAM HOME RUN (Flyball, 8LXD, EV 108.1 MPH), Distance : 434 ft
|
|
Batting: RHB Ryan Ward
|
0-0: Ball 1-0: Reached via error on a dropped throw from 3B, E3 (Groundball, 56, EV 81.2 MPH)
|
|
Batting: RHB Ivan Castaneda
|
0-0: Ball 1-0: Foul Ball, location: 2F 1-1: Swinging Strike 1-2: Foul Ball, location: 2F 1-2: Strikes out swinging
|
| Top of the 9th over - 4 runs, 4 hits, 1 error, 1 left on base; Grand Junction 8 - Philadelphia (APP) 15 |
|